 Dungeon Crawl Stone Soup version 0.28.0 (webtiles) character file.

Game seed: 14187183620692773105

45 blackman the Chopper (level 3, -3/29 HPs)
             Began as a Human Monk on Feb 6, 2022.
             Was the Champion of Ignis.
             Frozen to death by an endoplasm (4 damage)
             ... on level 2 of the Dungeon.
             The game lasted 00:02:43 (1104 turns).

blackman the Chopper (Human Monk)                   Turns: 1104, Time: 00:02:44

Health: -3/29      AC:  2    Str: 13    XL:     3   Next: 90%
Magic:  3/3        EV: 13    Int: 10    God:    Ignis [******]
Gold:   51         SH:  0    Dex: 15    Spells: 2/2 levels left

rFire   + . .      SeeInvis .   a - +0 hand axe
rCold   . . .      Faith    .   (no shield)
rNeg    . . .      Spirit   .   b - +0 robe
rPois   .          Reflect  .   (no helmet)
rElec   .          Harm     .   (no cloak)
rCorr   .          Rampage  .   (no gloves)
Will    .....                   (no boots)
Stlth   ++........              (no amulet)
HPRegen 0.09/turn               (no ring)
MPRegen 0.08/turn               (no ring)

@: no status effects
A: no striking features
a: Renounce Religion, Fiery Armour, Foxfire Swarm, Rising Flame


You were on level 2 of the Dungeon.
You worshipped Ignis.
Ignis was exalted by your worship.
You visited 1 branch of the dungeon, and saw 2 of its levels.

You collected 51 gold pieces.

Inventory:

Hand Weapons
 a - a +0 hand axe (weapon)
Armour
 b - a +0 robe (worn)


   Skills:
 - Level 3.0 Fighting
 + Level 4.5 Axes
 - Level 3.0 Dodging
 - Level 2.0 Stealth


You had 2 spell levels left.
You didn't know any spells.
Your spell library was empty.

Dungeon Overview and Level Annotations

Branches:
Dungeon (2/15)

Altars:
Ignis


Message History

The jackal bites you.
* * * LOW HITPOINT WARNING * * *
The jackal closely misses you.
You hit the jackal but do no damage.
The jackal is moderately wounded.
The jackal barely misses you.
You hit the jackal.
The jackal is almost dead.
The jackal misses you. The jackal bites you.
* * * LOW HITPOINT WARNING * * *
You closely miss the jackal.
The jackal is almost dead.
The jackal closely misses you.
You closely miss the jackal.
The jackal is almost dead.
You hit the endoplasm. The jackal closely misses you. x2
The endoplasm misses you.
You hit the jackal.
You kill the jackal!
You hit the endoplasm but do no damage. The endoplasm freezes you.
You are frozen.
* * * LOW HITPOINT WARNING * * *
The jackal bites you but does no damage.
You hit the jackal.
You kill the jackal!
You hit the endoplasm but do no damage. The jackal bites you.
* * * LOW HITPOINT WARNING * * *
The endoplasm hits you.
* * * LOW HITPOINT WARNING * * *
You miss the jackal. You barely miss the endoplasm.
The jackal bites you but does no damage.
The endoplasm closely misses you.
You closely miss the jackal. You hit the endoplasm. The jackal bites you.
* * * LOW HITPOINT WARNING * * *
The jackal bites you.
* * * LOW HITPOINT WARNING * * *
The endoplasm freezes you.
You are frozen.
You die...

..........# ##.##...#
..........# #.......##
.>........###........##
.$........#.........<.###
..........#.#...........###
............#.....†.........
......†................###..
#########.###J..............
#....h@..............
#.#####........###### ##
#........# ##########


You could see an endoplasm and a jackal.

Vanquished Creatures
  A gnoll (D:1)
  3 dart slugs (D:1)
  5 ball pythons (D:1)
  2 endoplasms (D:1)
  A giant cockroach (D:2)
  A goblin (D:1)
  2 hobgoblins (D:1)
  2 jackals (D:2)
  2 kobolds (D:1)
  A quokka (D:2)
  4 frilled lizards
  5 rats
  A spectral kobold (D:1)
30 creatures vanquished.

Notes
Turn   | Place    | Note
-------+----------+-------------------------------------------
     0 | D:1      | blackman the Human Monk began the quest for the Orb.
     0 | D:1      | Reached XP level 1. HP: 18/18 MP: 1/1
   159 | D:1      | Reached XP level 2. HP: 21/24 MP: 2/2
   465 | D:1      | Found a faded altar of an unknown god.
   492 | D:1      | Prayed at the altar of an unknown god.
   492 | D:1      | Became a worshipper of Ignis, the Dying Flame
   492 | D:1      | Reached ****** piety under Ignis
   511 | D:1      | Reached skill level 4 in Axes
   511 | D:1      | Reached XP level 3. HP: 25/29 MP: 3/3
  1104 | D:2      | HP: 1/29 [jackal (1)]
  1104 | D:2      | Frozen to death by an endoplasm

Illustrated notes

Levels and vault maps discovered:
D:1:      ncdulo_wetmaze, layout_basic,
          dreamdust_ecumenical_altar_drowned_temple, minmay_pentomino_x2
D:2:      layout_rooms

Skill      XL: |  1  2 |
---------------+-------+-----
Axes           | 4 |  4.5
Fighting       | |  3.0
Dodging        | |  3.0
Stealth        | |  2.0

Action                   || total
-------------------------++-------
Melee: Hand axe          ||    89
       Punch             ||     2
 Stab: Sleeping          ||    10
Armor: Robe              ||    16
Dodge: Dodged            ||    68
